 Dungeon Crawl Stone Soup version 0.31-a0-986-g5e6e4ef867 (webtiles) character file.

Game seed: 10246218108066284850

2625 horus123 the Destroyer (level 9, -4/45 HPs)
             Began as a Deep Elf Conjurer on Nov 13, 2023.
             Was a Follower of Sif Muna.
             Slain by a vampire (8 damage)
             ... on level 7 of the Dungeon.
             The game lasted 00:17:33 (8439 turns).

horus123 the Destroyer (Deep Elf Conjurer)          Turns: 8439, Time: 00:17:34

Health: -4/45      AC:  6    Str: 10    XL:     9   Next: 34%
Magic:  12/21      EV: 12    Int: 28    God:    Sif Muna [*.....]
Gold:   388        SH:  0    Dex: 11    Spells: 8/22 levels left

rFire   . . .        v - +8 whip "horus123's Curse" {spect, rPois rC+ Dex-2}
rCold   + . .        (no shield)
rNeg    . . .        a - +0 robe
rPois   +            (no helmet)
rElec   .            c - +0 cloak
rCorr   .            E - +2 pair of gloves
SInv    .            (no boots)
Will    +....        (no amulet)
Stlth   ++           F - ring of willpower
HPRegen 0.27/turn    B - +6 ring of strength
MPRegen 0.17/turn

%: no passive effects
@: studying Dodging
A: no striking features
a: Renounce Religion, Channel Magic


You were on level 7 of the Dungeon.
You worshipped Sif Muna.
Sif Muna was aware of your devotion.
You visited 2 branches of the dungeon, and saw 9 of its levels.

You collected 388 gold pieces.

Inventory:

Hand Weapons
 d - a +3 short sword
 v - the +8 whip "horus123's Curse" (weapon) {spect, rPois rC+ Dex-2}
   (You found it on level 5 of the Dungeon)

   Dex-2:     It affects your dexterity (-2).
   rC+:       It protects you from cold.
   rPois:     It protects you from poison
 x - a +2 spectral quarterstaff
Missiles
 f - 3 curare-tipped darts
 u - 2 silver javelins
Armour
 a - a +0 robe (worn)
 c - a +0 cloak (worn)
 E - a +2 pair of gloves (worn)
Jewellery
 l - a ring of resist corrosion
 A - an amulet of guardian spirit
 B - a +6 ring of strength (right hand)
 F - a ring of willpower (left hand)
Wands
 t - a wand of digging (6)
 y - a wand of quicksilver (7)
Scrolls
 e - a scroll of vulnerability
 i - a scroll of butterflies {unknown}
 k - 3 scrolls of silence
 m - 2 scrolls of fear
 n - 2 scrolls of amnesia
 p - a scroll of noise {unknown}
 s - a scroll of fog {unknown}
 G - a scroll of enchant weapon {unknown}
Potions
 b - 2 potions of magic
 g - 3 potions of mutation
 h - a potion of might
 j - 5 potions of curing
 o - a potion of attraction {unknown}
 q - 4 potions of enlightenment
 r - 2 potions of berserk rage
 w - a potion of haste {unknown}
 z - 2 potions of degeneration {unknown}
 C - a potion of cancellation {unknown}
 D - a potion of brilliance {unknown}


   Skills:
 - Level 2.5 Dodging
 - Level 2.9 Stealth
 + Level 7.2 Spellcasting
 - Level 10.0 Conjurations
 - Level 6.6 Hexes
 - Level 7.0 Invocations


You had 8 spell levels left.
You knew the following spells:

 Your Spells              Type           Power      Damage    Failure   Level
a - Magic Dart            Conj           100%       1d8       1%          1
b - Searing Ray           Conj           100%       2d8       1%          2
c - Dazzling Flash        Conj/Hex       100%       N/A       1%          3
d - Iskenderun's Mystic   Conj/Tloc      38%        2d9       7%          4
e - Fulminant Prism       Conj/Hex       27%        3d14      1%          4

Your spell library contained the following spells:

 Spells                   Type           Power      Damage    Failure   Level


Dungeon Overview and Level Annotations

Branches:
Dungeon (8/15)             Temple (1/1) D:5
   Lair: D:8-11

Altars:
Ashenzari
Cheibriados
Dithmenos
Elyvilon
Fedhas
Gozag
Hepliaklqana
Kikubaaqudgha
Nemelex Xobeh
Okawaru
Qazlal
Ru
Sif Muna
Trog
Uskayaw
Wu Jian
Xom
Zin
The Shining One

Shops:
D:4 [


Message History

There is a strange disturbance nearby!
Okay, then.
Casting: Searing Ray (safe; 1% risk of failure)
Confirm with . or Enter, or press ? or * to list all spells.
You can't see any susceptible monsters within range! (Use Z to cast anyway.)
Casting: Searing Ray (safe; 1% risk of failure)
Confirm with . or Enter, or press ? or * to list all spells.
Okay, then.
Casting: Searing Ray (safe; 1% risk of failure)
Confirm with . or Enter, or press ? or * to list all spells.
You can't see any susceptible monsters within range! (Use Z to cast anyway.)
Casting: Searing Ray (safe; 1% risk of failure)
Confirm with . or Enter, or press ? or * to list all spells.
Aiming: Searing Ray (safe; 1% risk of failure)
Press: ? - help, Shift-Dir - straight line (Press . to maintain the ray.)
Something hits you but does no damage.
Deactivating autopickup; reactivate with Ctrl-A.
Something bites you but does no damage.
The searing ray hits something!
Something hits you!
* * * LOW HITPOINT WARNING * * *
Something bites you.
* * * LOW HITPOINT WARNING * * *
Something draws strength from your injuries!
Casting: Searing Ray (safe; 1% risk of failure)
Confirm with . or Enter, or press ? or * to list all spells.
You can't see any susceptible monsters within range! (Use Z to cast anyway.)
Casting: Searing Ray (safe; 1% risk of failure)
Confirm with . or Enter, or press ? or * to list all spells.
You can't see any susceptible monsters within range! (Use Z to cast anyway.)
Casting: Searing Ray (safe; 1% risk of failure)
Confirm with . or Enter, or press ? or * to list all spells.
You don't know that spell.
Casting: Searing Ray (safe; 1% risk of failure)
Confirm with . or Enter, or press ? or * to list all spells.
You don't know that spell.
Okay, then.
You drop a scroll labelled OXTEISCHIEQE.
Something hits you!
You die...

###### .....#### # #.......#
############### #.##.##.##
#.....%........ #.##.#...########
#.########.....
#.##.......##...###.########.....
#.####...#.#.....##..............
#.# ##.##......@.#.########.....
#.# ###.........{.[....###.......
#.# #..........)..#..............
#.# #.######...<.##..........#.##
#.# #.# ##...###.....#...##.##
#.# #.# ##................>.. ..#
#.# ########<.#######... ### #.#
#..# ###. # #.# #..# #.


There were no monsters in sight!

Vanquished Creatures
  A water moccasin (D:6)
  Duvessa (D:5)
  2 black bears
  2 sky beasts
  2 ogres (D:6)
  A centaur (D:5)
  2 phantoms
  A kobold brigand (D:7)
  4 bullfrogs (D:7)
  3 scorpions
  Dowan (D:5)
  4 killer bees (D:7)
  3 howler monkeys
  6 hounds
  4 orc priests
  A gnoll bouda (D:6)
  An iguana (D:4)
  7 orc wizards
  Robin (D:2)
  3 gnolls (D:6)
  14 adders
  2 ufetubi (D:5)
  A worm (D:2)
  A dart slug (D:3)
  22 orcs
  3 bats
  9 endoplasms
  4 giant cockroaches
  14 goblins
  6 hobgoblins
  13 kobolds
  5 quokkas
  6 ball pythons
  2 frilled lizards
  4 rats
156 creatures vanquished.

Vanquished Creatures (others)
  10 fulminant prisms
10 creatures vanquished.

Grand Total: 166 creatures vanquished

Notes
Turn   | Place    | Note
-------+----------+-------------------------------------------
     0 | D:1      | horus123 the Deep Elf Conjurer began the quest for the Orb.
     0 | D:1      | Reached XP level 1. HP: 10/10 MP: 6/6
   382 | D:1      | Reached XP level 2. HP: 15/15 MP: 6/8
   778 | D:1      | Learned a level 2 spell: Searing Ray
  1108 | D:2      | Found a sacrificial altar of Ru.
  1178 | D:2      | Reached skill level 5 in Conjurations
  1323 | D:2      | Reached XP level 3. HP: 19/19 MP: 7/10
  1505 | D:2      | Learned a level 3 spell: Dazzling Flash
  1700 | D:2      | Noticed Robin
  1707 | D:2      | Killed Robin
  1993 | D:2      | Reached XP level 4. HP: 24/24 MP: 10/12
  2405 | D:3      | Reached skill level 5 in Spellcasting
  2406 | D:3      | Reached XP level 5. HP: 5/28 MP: 5/15
  2546 | D:3      | Learned a level 4 spell: Iskenderun's Mystic Blast
  3363 | D:4      | Learned a level 4 spell: Fulminant Prism
  3483 | D:4      | Found a shadowy altar of Dithmenos.
  3483 | D:4      | Found a hazy altar of Hepliaklqana.
  3486 | D:4      | Noticed a shadow
  3710 | D:4      | Reached XP level 6. HP: 32/32 MP: 9/17
  3927 | D:4      | Identified the +5 ring mail of Intuition {Harm Regen+
                  | Str-3}
  3958 | D:4      | Reached skill level 5 in Hexes
  4061 | D:4      | Found Oleybroh's Antique Armour Shop.
  4283 | D:4      | Reached XP level 7. HP: 36/36 MP: 10/18
  4489 | D:5      | Entered Level 5 of the Dungeon
  4489 | D:5      | Noticed Duvessa
  4489 | D:5      | Noticed Dowan
  4685 | D:5      | Identified the +8 whip "horus123's Curse" {spect, rPois rC+
                  | Dex-2}
  4875 | D:5      | Reached skill level 6 in Conjurations
  5027 | D:5      | Killed Duvessa
  5033 | D:5      | Killed Dowan
  5034 | D:5      | Reached skill level 7 in Conjurations
  5229 | D:5      | Reached skill level 8 in Conjurations
  5229 | D:5      | Reached XP level 8. HP: 35/41 MP: 12/19
  5446 | D:5      | Found a staircase to the Ecumenical Temple.
  5472 | Temple   | Entered the Ecumenical Temple
  5552 | Temple   | Became a worshipper of Sif Muna the Loreminder
  5998 | D:6      | Reached skill level 9 in Conjurations
  6215 | D:6      | Reached skill level 10 in Conjurations
  6219 | D:6      | Reached skill level 1 in Invocations
  6797 | D:6      | Identified the +1 hand axe "Dragon's Tongue" {flame, rElec}
  7168 | D:7      | Reached XP level 9. HP: 45/45 MP: 16/21
  7237 | D:7      | Reached skill level 5 in Invocations
  7933 | D:7      | Reached * piety under Sif Muna
  8439 | D:7      | Slain by a vampire

Illustrated notes

Levels and vault maps discovered:
D:1:      scummos_arrival_simple_crosswalls, layout_basic
D:2:      layout_basic, basic_altar, chequers_serial_rivers_small_3, uniq_robin
D:3:      layout_basic
D:4:      layout_basic, riverfiend_overflow_shadow_ancestor, serial_shops,
          nicolae_shop_behind_doors
D:5:      layout_loops_ring, minmay_temple_entry_hall, uniq_duvessa
D:6:      layout_basic
D:7:      layout_loops_ring, grunt_ministairs_8, patterned_corridor
D:8:      layout_loops_ring, grunt_temple_overflow_lords_of_destruction,
          nicolae_custom_books, hangedman_incinerator
Temple:   minmay_crystal_spiral_temple

Skill      XL: |  1  2  3  4  5  6  7  8  9 |
---------------+----------------------------+-----
Conjurations   | 5 8 10 | 10.0
Spellcasting   | 4 5 6 7 |  7.2
Hexes          | 3 6 |  6.6
Invocations    | 4 7 |  7.0
Dodging        | |  2.5
Stealth        | |  2.9

Action                     |  1- 3 |  4- 6 |  7- 9 || total
---------------------------+-------+-------+-------++-------
  Melee: Whip              |       |       |     8 ||     8
         Short sword       |       |       |     1 ||     1
   Cast: Magic Dart        |    78 |    94 |   101 ||   273
         Searing Ray       |       |    13 |    33 ||    46
         Fulminant Prism   |       |     1 |     9 ||    10
         Dazzling Flash    |       |     1 |     5 ||     6
         Iskenderun's Myst |       |       |     1 ||     1
    Use: Scroll            |       |       |    14 ||    14
   Stab: Sleeping          |       |       |     1 ||     1
 Armour: Robe              |     6 |    14 |    56 ||    76
  Dodge: Dodged            |     2 |    14 |    44 ||    60

Table legend: (Time is in decaauts)
 A = Elapsed time spent in this place.
 B = Non-inter-level travel time spent in this place.
 C = Inter-level travel time spent in this place.
 D = Time resting spent in this place.
 E = Time spent auto-exploring this place.
 F = Levels seen in this place.
 G = Mean time per level.
                   A        B        C        D        E       F      G
               +--------+--------+--------+--------+--------+-----+--------+
         Total |   8442 |   8225 |    217 |   1065 |   6120 |   9 |  938.0 |
       Dungeon |   8342 |   8125 |    217 |   1065 |   6105 |   8 | 1042.8 |
        Temple |     99 |     99 |      0 |      0 |     15 |   1 |   99.0 |
               +--------+--------+--------+--------+--------+-----+--------+

Top non-repeatable levels by time:
     D:7: 1363 daAuts
     D:6: 1312 daAuts
     D:4: 1285 daAuts
     D:2: 1266 daAuts
     D:3: 1175 daAuts
     D:5: 1016 daAuts
     D:1: 917 daAuts
  Temple: 99 daAuts
     D:8: 4 daAuts
